 Dungeon Crawl Stone Soup version 0.30.0-5-g1a98f26d00 (webtiles) character file.

Game seed: 8321233045222196342

140 jimonade the Cutter (level 5, 0/42 HPs)
             Began as a Demonspawn Monk on May 10, 2023.
             Killed from afar by Terence (13 damage)
             ... with a puff of flame
             ... on level 3 of the Dungeon.
             The game lasted 00:03:13 (2068 turns).

jimonade the Cutter (Demonspawn Monk)               Turns: 2068, Time: 00:03:14

Health: 0/42       AC:  7    Str: 14    XL:     5   Next: 2%
Magic:  5/5        EV: 11    Int: 11    God:
Gold:   234        SH:  0    Dex: 15    Spells: 4/4 levels left

rFire   . . .        a - +0 short sword
rCold   . . .        d - orb {light}
rNeg    . . .        o - +0 ring mail
rPois   .            (no helmet)
rElec   .            (no cloak)
rCorr   .            (no gloves)
SInv    .            (no boots)
Will    .....        (no amulet)
Stlth   +            (no ring)
HPRegen 0.27/turn    (no ring)
MPRegen 0.09/turn

%: no passive effects
@: glowing
A: icy blue scales 1, powered by death 1, spiny 1
a: no special abilities


You were on level 3 of the Dungeon.
You visited 1 branch of the dungeon, and saw 3 of its levels.

You collected 234 gold pieces.

Inventory:

Hand Weapons
 a - a +0 short sword (weapon)
 s - a +0 sling
Missiles
 e - 27 stones (quivered)
 k - 8 poisoned darts
 l - 4 datura-tipped darts
Armour
 b - a +0 robe
 d - an orb of light (worn)
 i - a +0 leather armour
 o - a +0 ring mail (worn)
Scrolls
 f - a scroll of vulnerability {unknown}
 g - a scroll of teleportation {unknown}
 h - a scroll of magic mapping {unknown}
 j - 4 scrolls of butterflies {unknown}
 m - 3 scrolls of identify {unknown}
Potions
 c - a potion of ambrosia
 n - 2 potions of curing {unknown}
 p - 2 potions of heal wounds {unknown}
 q - a potion of degeneration {unknown}
 r - a potion of brilliance {unknown}
 t - a potion of haste {unknown}


   Skills:
 + Level 3.6 Fighting
 + Level 3.9 Short Blades
 + Level 1.5 Armour
 + Level 3.4 Dodging


You had 4 spell levels left.
You didn't know any spells.
Your spell library contained the following spells:

 Spells                   Type           Power      Damage    Failure   Level
 Stone Arrow              Conj/Erth      0%         3d7       91%         3
 Animate Armour           Summ/Erth      0%         N/A       100%        4
 Borgnjor's Revivificati  Necr           0%         N/A       100%        8
 Lehudib's Crystal Spear  Conj/Erth      0%         10d2      100%        8
 Necromutation            Tmut/Necr      0%         N/A       100%        8
 Death's Door             Necr           0%         N/A       100%        9


Dungeon Overview and Level Annotations

Branches:
Dungeon (3/15)

Altars:
Ashenzari
Okawaru

Annotations:
D:3 Terence


Innate Abilities, Weirdness & Mutations

You are partially covered in icy blue scales. (AC +2)
You regenerate a little health from kills.
You are partially covered in sharp spines.


Message History

Terence is moderately wounded.
Terence zaps a wand.
The puff of flame hits you.
You hit Terence but do no damage.
Terence is moderately wounded.
Terence hits you with a +0 hand axe.
You completely miss Terence.
Terence is moderately wounded.
You completely miss Terence.
Terence is moderately wounded.
Terence zaps a wand.
The puff of flame hits you.
You hit Terence but do no damage.
Terence is moderately wounded.
Terence zaps a wand.
The puff of flame hits you.
You hit Terence.
Terence is moderately wounded.
Terence hits you with a +0 hand axe.
You hit Terence.
Terence is heavily wounded.
Terence hits you with a +0 hand axe.
You hit Terence but do no damage.
Terence is heavily wounded.
You barely miss Terence.
Terence is heavily wounded.
Terence zaps a wand.
The puff of flame hits you.
You hit Terence but do no damage.
Terence is heavily wounded.
Terence hits you but does no damage.
You hit Terence but do no damage.
Terence is heavily wounded.
Terence hits you with a +0 hand axe.
* * * LOW HITPOINT WARNING * * *
You hit Terence.
Terence is heavily wounded.
Terence is struck by your spines. Terence barely misses you.
You hit Terence but do no damage.
Terence is heavily wounded.
You hit Terence.
Terence is severely wounded.
Terence zaps a wand.
The puff of flame hits you!
You die...

.......# #.# #
##########.....##.#....
#.
#...............B......
+. #.#######...##?....
..< #. #...# .@. ..# #.
#...# #. #.# #. ###.#
#. #.# #. #@#.. #.
#.#####.
#@#..###.##.....#
#.#........####.#
#.##............#.
#.....P...†###..#.
#..##........#..##
#..##.#.....P#..##
#..##.P....P.#....
#...#.#....P.#.##.
##..#.#PP....#.##.


You could see Terence.

Vanquished Creatures
  Natasha (thrice) (D:2)
  An adder (D:2)
  7 ball pythons
  6 bats
  3 endoplasms
  2 giant cockroaches
  7 goblins
  3 hobgoblins
  6 jackals (D:1)
  4 quokkas
  2 frilled lizards
  6 kobolds
  4 rats
54 creatures vanquished.

Notes
Turn   | Place    | Note
-------+----------+-------------------------------------------
     0 | D:1      | jimonade the Demonspawn Monk began the quest for the Orb.
     0 | D:1      | Reached XP level 1. HP: 18/18 MP: 1/1
   158 | D:1      | Gained mutation: You regenerate a little health from kills.
                  | [demonic ancestry]
   158 | D:1      | Reached XP level 2. HP: 23/24 MP: 2/2
   550 | D:1      | Gained mutation: You are partially covered in sharp spines.
                  | [demonic ancestry]
   550 | D:1      | Reached XP level 3. HP: 23/29 MP: 3/3
   817 | D:2      | Noticed Natasha
   829 | D:2      | Killed Natasha
   877 | D:2      | Noticed Natasha
   894 | D:2      | Killed Natasha
   895 | D:2      | Reached skill level 1 in Armour
   895 | D:2      | Gained mutation: You are partially covered in icy blue
                  | scales. (AC +2) [demonic ancestry]
   895 | D:2      | Reached XP level 4. HP: 8/35 MP: 4/4
  1091 | D:2      | Noticed Natasha
  1102 | D:2      | Killed Natasha
  1853 | D:3      | Found an iron altar of Okawaru.
  1904 | D:3      | Reached XP level 5. HP: 42/42 MP: 5/5
  1907 | D:3      | Found a broken altar of Ashenzari.
  2040 | D:3      | Noticed Terence
  2068 | D:3      | Killed from afar by Terence

Illustrated notes

Levels and vault maps discovered:
D:1:      minmay_arrival_nine_rooms, layout_loops_ring,
          hangedman_abyss_or_decor_stabs
D:2:      layout_basic, uniq_natasha
D:3:      cheibrodos_old_hovel, layout_basic, amcnicky_altar_gilded,
          kennysheep_okawaru_gauntlet, chequers_serial_rivers_room_a,
          grunt_decor_arrowhead, uniq_terence

Skill      XL: |  1  2  3 |
---------------+----------+-----
Short Blades   | 3 |  3.9
Dodging        | 3 |  3.4
Armour         | 1 |  1.5
Fighting       | |  3.6

Action                     |  1- 3 |  4- 6 || total
---------------------------+-------+-------++-------
  Melee: Short sword       |   120 |    61 ||   181
   Fire: Sling             |       |    16 ||    16
 Armour: Robe              |     4 |       ||     4
         Leather armour    |    13 |       ||    13
         Ring mail         |     5 |    15 ||    20
  Dodge: Dodged            |    72 |    29 ||   101
